 Dungeon Crawl Stone Soup version 0.31.0-10-gcf4a605ca0 (webtiles) character file.

Game seed: 14862236059954772171

40 SnakkuSnakku7 the Caller (level 3, -1/29 HPs)
             Began as a Ghoul Summoner on Jan 26, 2024.
             Slain by a goblin
             ... wielding a +0 club
             ... led by Robin
              (2 damage)
             ... on level 2 of the Dungeon.
             The game lasted 00:01:14 (1073 turns).

SnakkuSnakku7 the Caller (Ghoul Summoner)           Turns: 1073, Time: 00:01:15

Health: -1/29      AC:  5    Str: 13    XL:     3   Next: 50%
Magic:  5/5        EV: 10    Int: 14    God:
Gold:   75         SH:  0    Dex:  9    Spells: 4/5 levels left

rFire   . .          .
                       - Unarmed
rCold   + . .        (no shield)
rNeg    + + +        c - +0 ring mail
rPois   ∞            (no helmet)
rElec   .            (no cloak)
rCorr   .            (no gloves)
SInv    .            (no boots)
Will    .....        (no amulet)
Stlth   +            (no ring)
HPRegen 0.00/turn    (no ring)
MPRegen 0.09/turn

%: no passive effects
@: inhibited regen
A: claws 1, cold resistance 1, negative energy resistance 3, inhibited
regeneration, torment resistance 2, devour on kill
a: no special abilities


You were on level 2 of the Dungeon.
You visited 1 branch of the dungeon, and saw 2 of its levels.

You collected 75 gold pieces.

Inventory:

Armour
 a - a +0 robe
 c - a +0 ring mail (worn)
Scrolls
 d - a scroll of teleportation {unknown}
 e - 3 scrolls of noise {unknown}
 f - a scroll of torment {unknown}
 h - a scroll of identify {unknown}
 i - 2 scrolls of enchant armour {unknown}
 k - a scroll of immolation {unknown}
 l - 2 scrolls of vulnerability {unknown}
Potions
 b - a potion of magic
 g - a potion of might {unknown}
 j - a potion of enlightenment {unknown}
 m - a potion of attraction {unknown}


   Skills:
 + Level 2.2 Fighting
 - Level 1.7 Dodging
 - Level 2.1 Stealth
 + Level 2.2 Unarmed Combat
 - Level 1.7 Spellcasting
 - Level 3.6 Summonings


You had 4 spell levels left.
You knew the following spells:

 Your Spells              Type           Power      Damage    Failure   Level
a - Summon Small Mammal   Summ           44%        N/A       12%         1

Your spell library contained the following spells:

 Spells                   Type           Power      Damage    Failure   Level
 Call Imp                 Summ           22%        N/A       19%         2
 Call Canine Familiar     Summ           11%        N/A       36%         3
 Summon Blazeheart Golem  Fire/Summ      6%         N/A       95%         4
 Summon Lightning Spire   Summ/Air       6%         N/A       95%         4


Dungeon Overview and Level Annotations

Branches:
Dungeon (2/15)

Altars:

Annotations:
D:2 Robin


Innate Abilities, Weirdness & Mutations

You are immune to poison.
You have sharp fingernails.
Your flesh is cold resistant. (rC+)
You are immune to negative energy. (rN+++)
You do not regenerate when monsters are visible.
You are immune to unholy pain and torment.
You thrive by killing the living.


Message History

The goblin is moderately wounded.
The goblin hits you but does no damage.
A goblin comes into view. It is wielding a +0 dagger.
The goblin hits you with a +0 club. Robin throws the goblin at you!
The goblin hits you with a +0 club.
You closely miss the goblin.
The goblin is moderately wounded.
The goblin shouts!
The goblin hits you with a +0 club. x2; The goblin barely misses you.
You scratch the goblin.
You kill the goblin!
Your bat hits the goblin. The goblin hits you with a +0 club.
Robin roars a battlecry!
The goblins go into a battle-frenzy!
The goblin hits you with a +0 club.
You are too injured to fight recklessly!
You are too injured to fight recklessly!
Unknown command.
Your bat closely misses the goblin.
Your bat hits the goblin. The goblin closely misses your bat.
Something closely misses your bat.
Your bat barely misses the goblin.
The goblin attacks as it pursues you! The goblin misses you.
Your bat barely misses the goblin.
Your bat closely misses the goblin. x2; The goblin attacks as it pursues you!
The goblin hits you with a +0 club.
Your bat misses the goblin.
The goblin hits your bat with a +0 club.
Your bat dies!
Your bat's corpse disappears in a puff of smoke!
The goblin attacks as it pursues you! The goblin barely misses you.
Robin throws the goblin at you!
* * * LOW HITPOINT WARNING * * *
The goblin attacks as it pursues you! The goblin hits you with a +0 club.
* * * LOW HITPOINT WARNING * * *
You scratch the goblin.
You kill the goblin!
The goblin attacks as it pursues you! The goblin barely misses you.
You see here a +0 club.
The goblin hits you with a +0 club.
You die...

#.#..##..###########g.#g# #
#.#.†##............b§.#.#
#†...#................#.#
.....###.###########g##g#
...#.###.# ####.g.# .#
.###.....######...g####.#
.# #.###.)....#^##......#
## #.# #.####...#g.####.# #
#.# #.# ###>@..#
####.###.#########.####.###
...........................
####.####.####.###.########
#.####.####.###.#
#...............#
####...####.#####
#########.####.##
................#


You could see Robin, a hobgoblin (strong) and 2 goblins.

Vanquished Creatures
  5 ball pythons
  6 bats
  4 endoplasms
  2 giant cockroaches (D:2)
  6 goblins
  2 hobgoblins (D:2)
  A quokka (D:2)
  3 frilled lizards (D:2)
  4 kobolds (D:2)
  3 rats
36 creatures vanquished.

Notes
Turn   | Place    | Note
-------+----------+-------------------------------------------
     0 | D:1      | SnakkuSnakku7 the Ghoul Summoner began the quest for the
                  | Orb.
     0 | D:1      | Reached XP level 1. HP: 14/14 MP: 3/3
   274 | D:1      | Reached skill level 1 in Fighting
   274 | D:1      | Reached skill level 1 in Unarmed Combat
   274 | D:1      | Reached XP level 2. HP: 22/23 MP: 4/4
   471 | D:2      | Identified the +6 short sword "Hydraslayer" {freeze, rPois
                  | Str+7 Stlth-}
   754 | D:2      | Reached XP level 3. HP: 29/29 MP: 5/5
  1054 | D:2      | Identified the +1 helmet of Resonance {SInv}
  1054 | D:2      | Noticed Robin
  1070 | D:2      | HP: 1/29 [goblin/+0 club[Robin] (5)]
  1073 | D:2      | Slain by a goblin

Illustrated notes

Levels and vault maps discovered:
D:1:      psy_arrival_dodecagon, layout_rooms, minmay_strange_pillars
D:2:      layout_basic, minmay_pentomino_s4, uniq_robin

Skill      XL: |  1  2  3 |
---------------+----------+-----
Fighting       | 1 2 |  2.2
Unarmed Combat | 1 2 |  2.2
Dodging        | |  1.7
Stealth        | |  2.1
Spellcasting   | |  1.7
Summonings     | |  3.6

Action                     || total
---------------------------++-------
  Melee: Unarmed           ||   121
         Punch             ||     1
   Cast: Summon Small Mamm ||     1
 Armour: Ring mail         ||    83
  Dodge: Dodged            ||    87
